cohdb
Replays
Latest Replays
All Replays
Popular Replays
Top Player Replays
Match Explorer
How It Works
Community
CoH3 Stats
Reddit
Sign in to upload your games and track your stats! →
Sign in with Steam
Match 39594253
Unlisted
Match 39594253
Overview
Messages
Build Orders
End
Construct Weapon Support Center
Selects Advanced Infantry Battlegroup
Selects Advanced Infantry Battlegroup
M1919 Machine Gun Team
Bazooka Squad
Bazooka Squad
Engineer Squad
Improved M9 Bazooka Rockets
Construct Barracks
Selects Convert to Ranger Squad
.30 cal Machine Gun
Ranger Squad
Selects Frontline Medical Station
Frontline Medical Station
Selects Ranger Weapon Training
Ranger Squad
Mechanized Support Center
Salvage Crew
Selects Ammunition Storage
Construct Tank Depot
♤☠ ҉ 新♌颖 ҉ ☠✠
Tatari◑。
Gravey
MY:OATZ
超级毛熊
sos{china}
ffgghhjjkkll
qunnaczan
0
0
Comments
sign in to comment!
No comments posted yet!